 Dungeon Crawl Stone Soup version 0.30.0-29-ga12c61a403 (webtiles) character file.

Game seed: 7617753526206620719

181594 qw the Peltast (level 18, 0/119 HPs)
             Began as a Gargoyle Fighter on June 5, 2023.
             Was a High Priest of Okawaru.
             Killed from afar by a nagaraja (14 damage)
             ... with a poison arrow
             ... on level 4 of the Snake Pit.
             The game lasted 00:16:31 (29830 turns).

qw the Peltast (Gargoyle Fighter)                  Turns: 29830, Time: 00:16:32

Health: 0/119      AC: 50    Str: 27    XL:     18   Next: 31%
Magic:  25/25      EV: 15    Int: 10    God:    Okawaru [*****.]
Gold:   1777       SH: 21    Dex:  9    Spells: 17/17 levels left

rFire   . . .        n - +5 war axe (spect)
rCold   . . .        I - +0 tower shield
rNeg    + + .        p - +0 plate armour of Springtime {rN+ Will+ Regen+}
rPois   inf          a - +2 helmet
rElec   +            C - +2 cloak
rCorr   .            J - +0 pair of gloves
SInv    .            j - +2 pair of boots
Will    ++...        E - amulet of faith Stlth
                     F - +5 ring of evasion
HPRegen 1.19/turn    H - +4 ring of protection
MPRegen 0.19/turn

%: faith
@: about to teleport, heroic, flying
A: sickness immunity, AC +13, big wings, negative energy resistance 1,
electricity resistance, torment resistance 1, petrification resistance
a: Renounce Religion, Heroism, Finesse, Duel


You were on level 4 of the Snake Pit.
You worshipped Okawaru.
Okawaru was extremely pleased with you.
You visited 6 branches of the dungeon, and saw 30 of its levels.
You also visited: Gauntlet.

You collected 3617 gold pieces.
You spent 1840 gold pieces at shops.


Innate Abilities, Weirdness & Mutations

You are immune to sickness and miasma.
Your stone body is resilient. (AC +13)
You are immune to poison.
Your large and strong wings let you fly.
You resist negative energy. (rN+)
You are resistant to electric shocks. (rElec)
You are resistant to unholy torment.
You are immune to petrification.


   Skills:
 - Level 15.0(20.0) Fighting
 - Level 16.0(21.0) Axes
 - Level 9.0(14.0) Throwing
 - Level 15.0(20.0) Armour
 - Level 3.6(8.6) Dodging
 + Level 17.5(22.5) Shields
 - Level 10.0 Invocations


You had 17 spell levels left.
You didn't know any spells.
Your spell library was empty.

Inventory:

Hand Weapons
 n - a +5 spectral war axe (weapon)
 t - a +1 broad axe of distortion
Missiles
 b - 15 boomerangs
 k - 8 silver javelins (quivered)
 G - 16 javelins
Armour
 a - a +2 helmet (worn)
 j - a +2 pair of boots (worn)
 p - the +0 plate armour of Springtime (worn) {rN+ Will+ Regen+}
   (Okawaru gifted it to you on level 14 of the Dungeon)

   rN:        It protects you from negative energy.
   Regen:     It increases your rate of health regeneration.
   Will:      It increases your willpower.
 y - +0 acid dragon scales
 C - a +2 cloak (worn)
 D - +0 fire dragon scales
 I - a +0 tower shield (worn)
 J - a +0 pair of gloves (worn)
Jewellery
 x - an amulet of reflection
 A - the amulet "Ocronk" {rF+ Regen+}
   (You bought it in a shop on level 9 of the Dungeon)

   [amulet of regeneration]

   rF:        It protects you from fire.
   Regen:     It increases your rate of health regeneration.
 B - a ring of protection from fire
 E - an amulet of faith (around neck)
 F - a +5 ring of evasion (left hand)
 H - a +4 ring of protection (right hand)
 L - a ring of protection from fire
Wands
 o - a wand of digging (9)
Scrolls
 e - 7 scrolls of brand weapon
 h - 10 scrolls of teleportation
 m - 6 scrolls of identify
Potions
 d - 6 potions of might
 i - 6 potions of haste
 l - 2 potions of resistance
 q - 14 potions of curing
 r - 2 potions of attraction
 s - 5 potions of mutation
 u - 5 potions of lignification
 v - 3 potions of heal wounds
 w - 3 potions of cancellation
 z - a potion of magic

Dungeon Overview and Level Annotations

Branches:
Dungeon (15/15)            Temple (1/1) D:6            Lair (5/5) D:8
 Shoals (3/4) Lair:2        Snake (4/4) Lair:3        Slime (0/5) Lair:5
    Orc (2/2) D:9             Elf (0/3) Orc:2        Vaults (0/5) D:13
 Depths (0/4) D:15        Gauntlet (visited)

Altars:
Ashenzari
Cheibriados
Dithmenos
Elyvilon
Fedhas
Gozag
Hepliaklqana
Kikubaaqudgha
Makhleb
Nemelex Xobeh
Okawaru
Qazlal
Ru
Sif Muna
Trog
Uskayaw
Vehumet
Wu Jian
Xom
Yredelemnul
Zin
The Shining One
Jiyva

Shops:
D:1 *   D:7 *   D:9 =   Orc:2 [=*(

Portals:
Trove: D:13 (give +6 demon trident)

Annotations:
Lair:1 1 runed translucent door
Snake:4 3 runed translucent doors, Kicir's ghost, adept GnFi
Orc:1 1 runed translucent door, Xelitey Juot's ghost, novice MiFi
Orc:2 2 transporters, qw's ghost, adept GrFi


Message History

You feel strangely unstable.
Your +5 spectral war axe disappears.
You block the naga's attack.
The naga mage gestures at you while chanting.
The bolt of poison hits you but does no damage.
You resist.
The naga sharpshooter casts a spell.
The naga sharpshooter magically shoots an arrow.
The arrow hits you but does no damage. You block the naga's attack.
The naga constricts you.
29827 ||| DRINKING 4 potions of heal wounds.
You feel much better. You block the naga's attack.
The nagaraja gestures at you while chanting.
The poison arrow hits you. You partially resist. You block the naga's attack.
The naga sharpshooter shoots an arrow.
The arrow hits you but does no damage. The naga spits poison at you.
The splash of poison hits you but does no damage.
You resist. The naga constricts you.
You slice the naga!!
You kill the naga!
You slash the naga!
Your +5 spectral war axe barely misses the naga.
The nagaraja casts a spell at you.
The bolt of poison hits you but does no damage.
You resist. The naga spits poison at you.
The splash of poison hits you but does no damage.
You resist.
You slice the naga!!
You kill the naga!
Okawaru accepts your kill.
Your +5 spectral war axe disappears.
The naga sharpshooter shoots an arrow.
You block the arrow.
Found a leather armour.
The nagaraja hits you from afar with a +3 spear!!
The naga sharpshooter shoots an arrow.
You block the arrow.
The nagaraja points at you and mumbles some strange words.
The poison arrow hits you! You partially resist.
You die...

..[.........
..........
........
#......#
#.N....#
#.NN...#
#......#
#.)@)..#
#####.)....####
..............$.
............#..?
......?.....#...
N......)).......
#####.)...$#####
#.)..).#
#...#..#


You could see a nagaraja (fast, strong), a naga sharpshooter (strong) and 2 naga
magi.

Vanquished Creatures
  Vashnia (Snake:3)
  Jorgrun (D:14)
  A titan (Shoals:1)
  2 krakens (Shoals:3)
  Kirke (Snake:2)
  Polyphemus (Shoals:2)
  3 nagarajas (Snake:4)
  Donald (Shoals:3)
  A frost giant (Shoals:1)
  Louise (Shoals:1)
  A very ugly thing (D:15)
  A stone giant (Shoals:1)
  A minotaur (Gauntlet)
  Snorg (D:11)
  A merfolk impaler (Shoals:3)
  2 ettins
  2 fire dragons
  Josephine (D:11)
  2 rakshasas (D:15)
  A great orb of eyes (D:15)
  2 salamander tyrants (Snake:4)
  3 merfolk avatars (Shoals:3)
  2 catoblepae
  2 hydras
  3 centaur warriors
  Erica (D:9)
  A deep troll shaman (Lair:5)
  3 alligator snapping turtles
  7 anacondas
  5 boulder beetles
  3 ogre magi
  10 naga warriors
  9 two-headed ogres
  7 death yaks
  13 naga sharpshooters
  4 shock serpents
  Sonja (D:11)
  Nergalle (Lair:2)
  A fire crab (Gauntlet)
  5 skeletal warriors (D:12)
  3 salamander mystics (Snake:4)
  5 skysharks
  Lodul (D:11)
  6 naga ritualists
  5 sea snakes
  2 deep trolls (Orc:2)
  A lindwurm (Lair:5)
  3 wizards
  4 harpies (Shoals:2)
  2 orc knights
  17 ugly things
  A deep elf zephyrmancer (D:14)
  4 deep elf pyromancers
  11 mana vipers
  6 manticores
  7 salamanders
  A wolf spider (D:14)
  A manticore (shapeshifter) (D:15)
  8 elephants
  Maurice (D:12)
  Joseph (D:7)
  8 cyclopes
  7 fauns
  5 merfolk sirens
  36 black mambas
  Maggie (D:7)
  An ice statue (Gauntlet)
  16 naga magi
  4 gargoyles
  3 kobold demonologists
  18 cane toads
  2 cane toads (shapeshifter)
  2 unseen horrors
  A freezing wraith (D:14)
  6 komodo dragons
  2 rime drakes
  17 trolls
  13 merfolk
  Prince Ribbit (D:7)
  3 wind drakes
  5 polar bears
  29 blink frogs
  3 snapping turtles
  12 slime creatures
  4 water elementals
  2 shadows (D:10)
  8 wraiths
  31 yaks
  4 wyverns
  3 vampires
  6 hogs (Snake:2)
  3 basilisks
  12 vampire mosquitoes
  A fire elemental (Lair:1)
  3 wargs
  45 nagas
  2 acid dragons (D:9)
  13 water moccasins
  3 sky beasts
  12 orc warriors
  4 black bears
  26 wolves
  27 ogres
  4 boggarts (Lair:3)
  A phantom (D:5)
  7 centaurs
  4 kobold brigands
  Blork the orc (D:4)
  8 bullfrogs
  A gnoll sergeant (D:9)
  3 scorpions
  14 killer bees
  2 electric eels
  A vampire bat (D:3)
  A howler monkey (D:11)
  3 hounds
  A gnoll bouda (Orc:1)
  15 orc priests
  7 jellies
  A sleepcap (D:8)
  3 iguanas
  18 orc wizards
  2 hell rats (Lair:1)
  11 adders
  11 gnolls
  3 river rats (Lair:1)
  A shadow imp (D:7)
  A white imp (Gauntlet)
  2 worms (D:2)
  3 dart slugs
  5 fire bats
  55 orcs
  2 spectral bats (D:3)
  10 bats
  3 bat skeletons (D:3)
  A bat zombie (D:3)
  5 endoplasms
  6 giant cockroaches
  10 goblins
  10 hobgoblins
  7 jackals
  7 quokkas
  6 ball pythons
  A bat simulacrum (D:3)
  4 frilled lizards
  26 kobolds
  11 rats
  5 tentacles (Shoals:3)
906 creatures vanquished.

Vanquished Creatures (others)
  20 spectral weapons
  7 tentacles (Shoals:3)
27 creatures vanquished.

Grand Total: 933 creatures vanquished

Notes
Turn   | Place    | Note
-------+----------+-------------------------------------------
     0 | D:1      | qw the Gargoyle Fighter began the quest for the Orb.
     0 | D:1      | Reached XP level 1. HP: 14/14 MP: 1/1
     0 | D:1      | 0 ||| qw: Version: 0.2-a-108-gee2c290
     0 | D:1      | 0 ||| qw: Game counter: 1488
     0 | D:1      | 0 ||| qw: Always use a shield: true
     0 | D:1      | 0 ||| qw: God list: Okawaru
     0 | D:1      | 0 ||| qw: Allow faded altars: false
     0 | D:1      | 0 ||| qw: Do Orc after D:15 true
     0 | D:1      | 0 ||| qw: Do second Lair branch before Depths: true
     0 | D:1      | 0 ||| qw: Lair rune preference: random
     0 | D:1      | 0 ||| qw: Plans: Normal, Zot:1-4, Slime:5, God:TSO, Crypt,
                  | Tomb, Abyss, Pan, Hells, Win
     0 | D:1      | 0 ||| PLANNING D:1-11
    47 | D:1      | HP: 3/14 [kobold/+0 mace (5)]
   154 | D:1      | Reached XP level 2. HP: 19/19 MP: 2/2
   167 | D:1      | Found Zutsimau's General Store.
   189 | D:1      | 189 ||| SHOPLISTING +0 chain mail (54 gold, have 15).
   189 | D:1      | 189 ||| SHOPLISTING scroll of teleportation (36 gold, have
                  | 15).
   196 | D:1      | 196 ||| Stepping ~*~*~tactically~*~*~ (stealth).
   381 | D:1      | 381 ||| Stepping ~*~*~tactically~*~*~ (hiding).
   602 | D:1      | Reached skill level 3 in Axes
   604 | D:1      | Reached XP level 3. HP: 13/23 MP: 3/3
   869 | D:1      | Found a faded altar of an unknown god.
   984 | D:1      | 984 ||| DROPPING +6 ring of intelligence.
   985 | D:1      | 985 ||| READING scroll labelled JECANU MAULIT.
   986 | D:1      | 986 ||| READING scroll labelled VABROMN KOUW QYRE.
   987 | D:1      | 987 ||| READING scroll labelled WITEAT NEGG.
   988 | D:1      | 988 ||| DRINKING 2 orange potions.
   989 | D:1      | 989 ||| DRINKING 2 fuming emerald potions.
  1217 | D:2      | 1217 ||| Stepping ~*~*~tactically~*~*~ (stealth).
  1552 | D:2      | Reached XP level 4. HP: 28/28 MP: 4/4
  1566 | D:2      | 1566 ||| Stepping ~*~*~tactically~*~*~ (stealth).
  1762 | D:2      | 1762 ||| Stepping ~*~*~tactically~*~*~ (hiding).
  1977 | D:2      | 1977 ||| UPGRADING to +0 helmet.
  1982 | D:2      | 1982 ||| UPGRADING to +0 pair of boots.
  1987 | D:2      | 1987 ||| READING scroll labelled HUCLISS VUXT.
  1988 | D:2      | 1988 ||| READING scroll labelled FUCAUMUENE.
  1992 | D:2      | 1992 ||| READING scroll labelled LEFAFU HEXEHIPPU.
  1993 | D:2      | 1993 ||| READING scroll labelled PEZOIPPE KETAI.
  2066 | D:3      | Found an ornate altar of the Wu Jian Council.
  2211 | D:3      | 2211 ||| UPGRADING to +0 plate armour.
  2229 | D:3      | 2229 ||| DROPPING +0 scale mail.
  2467 | D:3      | 2467 ||| Stepping ~*~*~tactically~*~*~ (hiding).
  2468 | D:3      | 2468 ||| Stepping ~*~*~tactically~*~*~ (hiding).
  2483 | D:3      | Reached XP level 5. HP: 30/32 MP: 5/5
  2605 | D:3      | Reached XP level 6. HP: 38/38 MP: 6/6
  2703 | D:3      | 2703 ||| READING 4 scrolls of identify.
  2703 | D:3      | 2703 ||| IDENTIFYING bubbling black potion
  2737 | D:4      | 2737 ||| STAIRDANCE
  2815 | D:3      | 2815 ||| DROPPING +0 mace.
  2821 | D:4      | 2821 ||| STAIRDANCE
  2901 | D:4      | 2901 ||| Stepping ~*~*~tactically~*~*~ (stealth).
  2921 | D:4      | 2921 ||| Stepping ~*~*~tactically~*~*~ (stealth).
  3316 | D:4      | Reached skill level 6 in Axes
  3635 | D:4      | Noticed Blork the orc
  3644 | D:4      | Killed Blork the orc
  3645 | D:4      | Reached XP level 7. HP: 36/43 MP: 7/7
  3743 | D:4      | 3743 ||| UPGRADING to +4 ring of slaying {mikee}.
  3744 | D:4      | 3744 ||| READING 2 scrolls labelled JYILEHOYFE.
  3745 | D:4      | 3745 ||| READING scroll labelled VEASCH LESIE.
  3746 | D:4      | 3746 ||| READING 3 scrolls of identify.
  3746 | D:4      | 3746 ||| IDENTIFYING fuming grey potion
  3747 | D:4      | 3747 ||| READING 2 scrolls of identify.
  3747 | D:4      | 3747 ||| IDENTIFYING bubbling silvery potion
  3748 | D:4      | 3748 ||| DROPPING potion of ambrosia.
  3784 | D:5      | Entered Level 5 of the Dungeon
  3826 | D:5      | You fall into a shaft and drop 2 floors!
  3833 | D:7      | Noticed a kobold demonologist
  3835 | D:7      | Noticed Prince Ribbit
  3837 | D:7      | Noticed an orange demon
  3838 | D:7      | Noticed a smoke demon
  3844 | D:7      | Noticed a sun demon
  3844 | D:7      | Killed a kobold demonologist
  3859 | D:7      | Killed Prince Ribbit
  3860 | D:7      | Reached XP level 8. HP: 17/51 MP: 8/8
  4065 | D:7      | Noticed Joseph
  4078 | D:7      | Killed Joseph
  4079 | D:7      | Reached skill level 3 in Dodging
  4304 | D:7      | 4304 ||| Stepping ~*~*~tactically~*~*~ (hiding).
  4308 | D:7      | 4308 ||| Stepping ~*~*~tactically~*~*~ (hiding).
  4312 | D:7      | Reached skill level 1 in Throwing
  4511 | D:7      | 4511 ||| READING scroll labelled UDEUHI BIODULU.
  4512 | D:7      | 4512 ||| READING scroll labelled DUFAIWNINA.
  4513 | D:7      | 4513 ||| READING 2 scrolls of identify.
  4513 | D:7      | 4513 ||| IDENTIFYING lumpy golden potion
  4520 | D:7      | 4520 ||| FLEEEEING.
  4521 | D:7      | 4521 ||| STAIRDANCE
  4667 | D:6      | 4667 ||| Stepping randomly (disturbance).
  4671 | D:6      | Reached XP level 9. HP: 52/55 MP: 9/9
  4706 | D:6      | 4706 ||| READING scroll of enchant weapon.
  4706 | D:6      | 4706 ||| ENCHANTING +1 spectral war axe.
  4707 | D:6      | Found a white marble altar of Elyvilon.
  4910 | D:6      | Found a glowing silver altar of Zin.
  4937 | D:6      | Found a staircase to the Ecumenical Temple.
  4938 | D:6      | 4938 ||| PLANNING TEMPLE
  4938 | D:6      | 4938 ||| DRINKING 2 cyan potions.
  4939 | D:6      | 4939 ||| DROPPING potion of degeneration.
  4950 | Temple   | Entered the Ecumenical Temple
  4985 | Temple   | 4985 ||| PLANNING OKAWARU WORSHIP
  5049 | Temple   | Became a worshipper of Warmaster Okawaru
  5049 | Temple   | 5049 ||| PLANNING D:1-11
  5077 | D:6      | Reached skill level 6 in Fighting
  5225 | D:5      | 5225 ||| Stepping ~*~*~tactically~*~*~ (hiding).
  5233 | D:5      | 5233 ||| FLEEEEING.
  5234 | D:5      | 5234 ||| FLEEEEING.
  5235 | D:5      | 5235 ||| FLEEEEING.
  5236 | D:5      | 5236 ||| FLEEEEING.
  5237 | D:5      | 5237 ||| FLEEEEING.
  5238 | D:5      | 5238 ||| FLEEEEING.
  5239 | D:5      | 5239 ||| FLEEEEING.
  5240 | D:5      | 5240 ||| FLEEEEING.
  5241 | D:5      | 5241 ||| FLEEEEING.
  5242 | D:5      | 5242 ||| FLEEEEING.
  5243 | D:5      | 5243 ||| FLEEEEING.
  5244 | D:5      | 5244 ||| FLEEEEING.
  5245 | D:5      | 5245 ||| FLEEEEING.
  5246 | D:5      | 5246 ||| FLEEEEING.
  5247 | D:5      | 5247 ||| FLEEEEING.
  5248 | D:5      | 5248 ||| FLEEEEING.
  5249 | D:5      | 5249 ||| FLEEEEING.
  5250 | D:5      | 5250 ||| FLEEEEING.
  5251 | D:5      | 5251 ||| FLEEEEING.
  5252 | D:5      | 5252 ||| FLEEEEING.
  5253 | D:5      | 5253 ||| FLEEEEING.
  5254 | D:5      | 5254 ||| FLEEEEING.
  5255 | D:5      | 5255 ||| FLEEEEING.
  5256 | D:5      | 5256 ||| FLEEEEING.
  5257 | D:5      | 5257 ||| FLEEEEING.
  5258 | D:5      | 5258 ||| FLEEEEING.
  5259 | D:5      | 5259 ||| FLEEEEING.
  5260 | D:5      | 5260 ||| FLEEEEING.
  5261 | D:5      | 5261 ||| FLEEEEING.
  5262 | D:5      | 5262 ||| FLEEEEING.
  5269 | D:5      | 5269 ||| STAIRDANCE
  5584 | D:5      | 5584 ||| UPGRADING to amulet of regeneration.
  5589 | D:5      | 5589 ||| UPGRADING to ring of willpower.
  5610 | D:6      | Reached skill level 9 in Axes
  6041 | D:6      | 6041 ||| UPGRADING to +0 cloak.
  6046 | D:6      | 6046 ||| DRINKING 2 sedimented silvery potions.
  6047 | D:6      | 6047 ||| DRINKING 2 dark potions.
  6152 | D:6      | 6152 ||| READING 3 scrolls of identify.
  6152 | D:6      | 6152 ||| IDENTIFYING coppery potion
  6153 | D:6      | 6153 ||| DROPPING potion of flight.
  6154 | D:6      | 6154 ||| DROPPING potion of berserk rage.
  6256 | D:7      | 6256 ||| STAIRDANCE
  6275 | D:7      | 6275 ||| Stepping ~*~*~tactically~*~*~ (hiding).
  6564 | D:6      | Found a glowing golden altar of the Shining One.
  6564 | D:6      | Found a burning altar of Makhleb.
  6564 | D:6      | Found a shadowy altar of Dithmenos.
  6567 | D:6      | Found an ancient bone altar of Kikubaaqudgha.
  6625 | D:7      | Reached * piety under Okawaru
  6626 | D:7      | Reached skill level 6 in Armour
  6690 | D:7      | Reached skill level 4 in Shields
  6690 | D:7      | Reached skill level 1 in Invocations
  6703 | D:7      | Found Gozag's Platinum Reserve.
  6722 | D:7      | Found an opulent altar of Gozag.
  6742 | D:7      | 6742 ||| SHOPLISTING amulet of Citypo {Acrobat +Blink rF+
                  | Slay+2} (5940 gold, have 481).
  6742 | D:7      | 6742 ||| SHOPLISTING ring "Qecuohav" {rC+ Dex+4} (4040
                  | gold, have 481).
  6761 | D:7      | Noticed Maggie
  6766 | D:7      | 6766 ||| INVOKING Heroism.
  6774 | D:7      | Killed Maggie
  6916 | D:7      | 6916 ||| DROPPING amulet of magic regeneration.
  7006 | D:8      | Reached XP level 10. HP: 28/63 MP: 11/11
  7006 | D:8      | 7006 ||| INVOKING Heroism.
  7137 | D:8      | 7137 ||| Stepping ~*~*~tactically~*~*~ (stealth).
  7140 | D:8      | 7140 ||| Stepping ~*~*~tactically~*~*~ (hiding).
  7143 | D:8      | 7143 ||| Stepping ~*~*~tactically~*~*~ (hiding).
  7144 | D:8      | 7144 ||| Stepping ~*~*~tactically~*~*~ (hiding).
  7151 | D:8      | 7151 ||| FLEEEEING.
  7275 | D:8      | 7275 ||| Stepping ~*~*~tactically~*~*~ (stealth).
  7290 | D:8      | 7290 ||| Stepping ~*~*~tactically~*~*~ (stealth).
  7408 | D:8      | 7408 ||| Stepping ~*~*~tactically~*~*~ (hiding).
  7409 | D:8      | 7409 ||| Stepping ~*~*~tactically~*~*~ (hiding).
  7417 | D:8      | 7417 ||| Stepping ~*~*~tactically~*~*~ (hiding).
  7423 | D:8      | Reached skill level 3 in Invocations
  7486 | D:8      | Found a staircase to the Lair.
  7496 | D:8      | Reached ** piety under Okawaru
  7685 | D:8      | 7685 ||| INVOKING Heroism.
  7775 | D:8      | Noticed a kobold demonologist
  7783 | D:8      | Killed a kobold demonologist
  7919 | D:8      | 7919 ||| PLANNING LAIR
  7919 | D:8      | 7919 ||| READING scroll labelled YNEHONU COZOXE.
  7920 | D:8      | 7920 ||| READING 4 scrolls of identify.
  7920 | D:8      | 7920 ||| IDENTIFYING sedimented dark potion
  7972 | Lair:1   | Entered Level 1 of the Lair of Beasts
  7974 | Lair:1   | Noticed a cane toad
  7975 | Lair:1   | 7975 ||| INVOKING Heroism.
  7979 | Lair:1   | Killed a cane toad
  8015 | Lair:1   | 8015 ||| INVOKING Heroism.
  8039 | Lair:1   | 8039 ||| Stepping ~*~*~tactically~*~*~ (stealth).
  8053 | Lair:1   | Reached skill level 5 in Shields
  8079 | Lair:1   | 8079 ||| Stepping ~*~*~tactically~*~*~ (stealth).
  8129 | Lair:1   | 8129 ||| INVOKING Heroism.
  8215 | Lair:1   | Reached *** piety under Okawaru
  8249 | Lair:1   | Reached XP level 11. HP: 62/68 MP: 14/14
  8315 | Lair:1   | 8315 ||| INVOKING Heroism.
  8389 | Lair:1   | Found a runed translucent door.
  8399 | Lair:1   | 8399 ||| Stepping ~*~*~tactically~*~*~ (hiding).
  8402 | Lair:1   | 8402 ||| Stepping ~*~*~tactically~*~*~ (hiding).
  8403 | Lair:1   | 8403 ||| Stepping ~*~*~tactically~*~*~ (hiding).
  8404 | Lair:1   | 8404 ||| Stepping ~*~*~tactically~*~*~ (hiding).
  8405 | Lair:1   | 8405 ||| Stepping ~*~*~tactically~*~*~ (hiding).
  8526 | Lair:1   | Reached **** piety under Okawaru
  8962 | Lair:2   | 8962 ||| INVOKING Heroism.
  8966 | Lair:2   | Reached skill level 9 in Fighting
  8976 | Lair:2   | 8976 ||| STAIRDANCE
  8978 | Lair:1   | 8978 ||| INVOKING Heroism.
  8980 | Lair:1   | Received a gift from Okawaru
  8997 | Lair:2   | 8997 ||| STAIRDANCE
  8999 | Lair:1   | 8999 ||| INVOKING Heroism.
  9033 | Lair:2   | 9033 ||| INVOKING Heroism.
  9195 | Lair:2   | 9195 ||| INVOKING Heroism.
  9216 | Lair:2   | Noticed Nergalle
  9217 | Lair:2   | 9217 ||| Stepping ~*~*~tactically~*~*~ (stealth).
  9218 | Lair:2   | 9218 ||| Stepping ~*~*~tactically~*~*~ (stealth).
  9219 | Lair:2   | 9219 ||| Stepping ~*~*~tactically~*~*~ (stealth).
  9230 | Lair:2   | 9230 ||| INVOKING Heroism.
  9246 | Lair:2   | Killed Nergalle
  9315 | Lair:2   | 9315 ||| INVOKING Heroism.
  9334 | Lair:2   | Reached skill level 12 in Axes
  9334 | Lair:2   | Reached skill level 6 in Invocations
  9421 | Lair:2   | 9421 ||| INVOKING Heroism.
  9424 | Lair:2   | 9424 ||| Stepping ~*~*~tactically~*~*~ (stealth).
  9474 | Lair:2   | 9474 ||| INVOKING Heroism.
  9482 | Lair:2   | 9482 ||| Stepping ~*~*~tactically~*~*~ (stealth).
  9531 | Lair:2   | 9531 ||| Stepping ~*~*~tactically~*~*~ (stealth).
  9540 | Lair:2   | Reached XP level 12. HP: 64/76 MP: 15/17
  9617 | Lair:2   | Found a staircase to the Shoals.
  9849 | Lair:2   | 9849 ||| UPGRADING to ring of protection from fire.
  9851 | Lair:2   | 9851 ||| READING scroll labelled JEOXEMPETWIE.
  9863 | Lair:3   | 9863 ||| PLANNING GAUNTLET
  9878 | Lair:3   | 9878 ||| INVOKING Heroism.
  9882 | Lair:3   | Reached skill level 9 in Armour
  9988 | Lair:3   | Found a gate leading to a gauntlet.
 10005 | Gauntlet | Entered a Gauntlet
 10005 | Gauntlet | Found a transporter.
 10005 | Gauntlet | Found a transporter.
 10006 | Gauntlet | Found a transporter.
 10006 | Gauntlet | Found a transporter.
 10009 | Gauntlet | Found a transporter.
 10012 | Gauntlet | Noticed a wretched star
 10019 | Gauntlet | Found a transporter.
 10029 | Gauntlet | Noticed a minotaur
 10033 | Gauntlet | Found a transporter.
 10041 | Gauntlet | Found a transporter.
 10058 | Gauntlet | Found a transporter.
 10066 | Gauntlet | Found a transporter.
 10084 | Gauntlet | Found a transporter.
 10136 | Gauntlet | Found a transporter.
 10242 | Gauntlet | 10242 ||| INVOKING Heroism.
 10256 | Gauntlet | Reached skill level 6 in Shields
 10293 | Gauntlet | 10293 ||| DRINKING 2 fuming green potions.
 10294 | Gauntlet | 10294 ||| DROPPING potion of invisibility.
 10309 | Gauntlet | 10309 ||| Stepping ~*~*~tactically~*~*~ (stealth).
 10316 | Gauntlet | 10316 ||| INVOKING Heroism.
 10361 | Gauntlet | 10361 ||| READING 4 scrolls of identify.
 10361 | Gauntlet | 10361 ||| IDENTIFYING viscous emerald potion
 10369 | Gauntlet | 10369 ||| INVOKING Heroism.
 10423 | Gauntlet | 10423 ||| Stepping ~*~*~tactically~*~*~ (hiding).
 10424 | Gauntlet | 10424 ||| Stepping ~*~*~tactically~*~*~ (hiding).
 10426 | Gauntlet | 10426 ||| Stepping ~*~*~tactically~*~*~ (hiding).
 10427 | Gauntlet | 10427 ||| INVOKING Heroism.
 10434 | Gauntlet | HP: 14/77 [minotaur/staff of cold (13)]
 10435 | Gauntlet | 10435 ||| DRINKING potion of heal wounds.
 10437 | Gauntlet | HP: 3/77 [minotaur/staff of cold (9)]
 10438 | Gauntlet | Killed a minotaur
 10576 | Lair:3   | 10576 ||| PLANNING LAIR
 10628 | Lair:3   | 10628 ||| INVOKING Heroism.
 10629 | Lair:3   | 10629 ||| Stepping ~*~*~tactically~*~*~ (stealth).
 10700 | Lair:3   | Found a staircase to the Snake Pit.
 10707 | Lair:3   | Reached skill level 9 in Invocations
 11059 | Lair:3   | 11059 ||| INVOKING Heroism.
 11063 | Lair:3   | Reached skill level 3 in Throwing
 11269 | Lair:3   | 11269 ||| INVOKING Heroism.
 11273 | Lair:3   | 11273 ||| Stepping ~*~*~tactically~*~*~ (stealth).
 11281 | Lair:3   | Received a gift from Okawaru
 11308 | Lair:3   | Noticed a fire dragon
 11309 | Lair:3   | 11309 ||| INVOKING Heroism.
 11320 | Lair:3   | Killed a fire dragon
 11320 | Lair:3   | Received a gift from Okawaru
 11505 | Lair:3   | 11505 ||| UPGRADING to +1 cloak.
 11515 | Lair:3   | 11515 ||| DROPPING +0 cloak.
 11582 | Lair:4   | Noticed a six-headed hydra
 11583 | Lair:4   | 11583 ||| INVOKING Heroism.
 11593 | Lair:4   | 11593 ||| SWAPPING to +0 flail.
 11597 | Lair:4   | Killed a six-headed hydra
 11598 | Lair:4   | 11598 ||| SWAPPING to +2 spectral war axe.
 11776 | Lair:4   | Noticed a skyshark
 11780 | Lair:4   | Killed a skyshark
 11794 | Lair:4   | 11794 ||| INVOKING Heroism.
 11802 | Lair:4   | Reached XP level 13. HP: 82/82 MP: 18/20
 11912 | Lair:4   | 11912 ||| Stepping ~*~*~tactically~*~*~ (stealth).
 11914 | Lair:4   | 11914 ||| Stepping ~*~*~tactically~*~*~ (stealth).
 11930 | Lair:4   | 11930 ||| INVOKING Heroism.
 11939 | Lair:4   | Received a gift from Okawaru
 12147 | Lair:4   | Reached ***** piety under Okawaru
 12431 | Lair:4   | 12431 ||| UPGRADING to amulet of reflection.
 12441 | Lair:4   | 12441 ||| DROPPING amulet of regeneration.
 12466 | Lair:5   | Entered Level 5 of the Lair of Beasts
 12468 | Lair:5   | 12468 ||| Stepping ~*~*~tactically~*~*~ (stealth).
 12470 | Lair:5   | 12470 ||| Stepping ~*~*~tactically~*~*~ (stealth).
 12521 | Lair:5   | 12521 ||| INVOKING Heroism.
 12597 | Lair:5   | Received a gift from Okawaru
 12721 | Lair:5   | 12721 ||| INVOKING Heroism.
 12788 | Lair:5   | 12788 ||| Stepping ~*~*~tactically~*~*~ (stealth).
 12789 | Lair:5   | 12789 ||| Stepping ~*~*~tactically~*~*~ (stealth).
 12791 | Lair:5   | 12791 ||| Stepping ~*~*~tactically~*~*~ (stealth).
 12793 | Lair:5   | 12793 ||| INVOKING Heroism.
 12806 | Lair:5   | 12806 ||| Stepping ~*~*~tactically~*~*~ (stealth).
 12849 | Lair:5   | 12849 ||| Stepping ~*~*~tactically~*~*~ (stealth).
 12856 | Lair:5   | 12856 ||| Stepping ~*~*~tactically~*~*~ (stealth).
 12859 | Lair:5   | 12859 ||| Stepping ~*~*~tactically~*~*~ (stealth).
 12865 | Lair:5   | 12865 ||| Stepping ~*~*~tactically~*~*~ (stealth).
 12867 | Lair:5   | 12867 ||| INVOKING Heroism.
 12868 | Lair:5   | 12868 ||| INVOKING Finesse.
 12885 | Lair:5   | 12885 ||| SWAPPING to +0 flail.
 12897 | Lair:5   | 12897 ||| SWAPPING to +2 spectral war axe.
 13060 | Lair:5   | Received a gift from Okawaru
 13065 | Lair:5   | 13065 ||| FLEEEEING.
 13066 | Lair:5   | 13066 ||| FLEEEEING.
 13140 | Lair:5   | 13140 ||| Stepping ~*~*~tactically~*~*~ (stealth).
 13141 | Lair:5   | 13141 ||| Stepping ~*~*~tactically~*~*~ (stealth).
 13151 | Lair:5   | 13151 ||| Stepping ~*~*~tactically~*~*~ (stealth).
 13156 | Lair:5   | 13156 ||| Stepping ~*~*~tactically~*~*~ (stealth).
 13158 | Lair:5   | 13158 ||| Stepping ~*~*~tactically~*~*~ (stealth).
 13159 | Lair:5   | 13159 ||| Stepping ~*~*~tactically~*~*~ (stealth).
 13161 | Lair:5   | Received a gift from Okawaru
 13214 | Lair:5   | 13214 ||| INVOKING Heroism.
 13215 | Lair:5   | 13215 ||| INVOKING Finesse.
 13253 | Lair:5   | 13253 ||| INVOKING Heroism.
 13283 | Lair:5   | 13283 ||| Stepping ~*~*~tactically~*~*~ (stealth).
 13296 | Lair:5   | 13296 ||| INVOKING Heroism.
 13321 | Lair:5   | 13321 ||| READING scroll of enchant armour.
 13321 | Lair:5   | 13321 ||| ENCHANTING +0 helmet.
 13363 | Lair:5   | 13363 ||| INVOKING Heroism.
 13413 | Lair:5   | Reached skill level 7 in Shields
 13464 | Lair:5   | 13464 ||| INVOKING Heroism.
 13505 | Lair:5   | 13505 ||| INVOKING Heroism.
 13514 | Lair:5   | Gained mutation: Your large and strong wings let you fly.
                  | [Gargoyle growth]
 13514 | Lair:5   | Reached XP level 14. HP: 82/90 MP: 19/21
 13570 | Lair:5   | 13570 ||| Stepping ~*~*~tactically~*~*~ (stealth).
 13571 | Lair:5   | 13571 ||| Stepping ~*~*~tactically~*~*~ (stealth).
 13572 | Lair:5   | 13572 ||| Stepping ~*~*~tactically~*~*~ (stealth).
 13796 | Lair:5   | Reached skill level 6 in Throwing
 13897 | Lair:5   | Found a viscous altar of Jiyva.
 13897 | Lair:5   | Found a staircase to the Slime Pits.
 14017 | Lair:5   | 14017 ||| PLANNING D:1-11
 14017 | Lair:5   | 14017 ||| UPGRADING to amulet of faith.
 14027 | Lair:5   | 14027 ||| DROPPING ring of willpower.
 14028 | Lair:5   | 14028 ||| DROPPING ring of positive energy.
 14029 | Lair:5   | 14029 ||| UPGRADING to +4 ring of protection.
 14031 | Lair:5   | 14031 ||| DROPPING ring of see invisible.
 14032 | Lair:5   | 14032 ||| READING scroll labelled XEUCKAOSOM.
 14133 | Lair:5   | 14133 ||| READING scroll labelled VIOSTO WEISTRUM.
 14288 | D:9      | Noticed Erica
 14289 | D:9      | 14289 ||| INVOKING Heroism.
 14290 | D:9      | 14290 ||| INVOKING Finesse.
 14296 | D:9      | Killed Erica
 14366 | D:9      | 14366 ||| Stepping ~*~*~tactically~*~*~ (hiding).
 14414 | D:9      | Received a gift from Okawaru
 14444 | D:9      | 14444 ||| Stepping ~*~*~tactically~*~*~ (hiding).
 14487 | D:9      | Found a staircase to the Orcish Mines.
 14515 | D:9      | Found Guneneus's Jewellery Shop.
 14530 | D:9      | 14530 ||| BUYING amulet "Ocronk" {rF+ Regen+} (704 gold).
 14530 | D:9      | Bought the amulet "Ocronk" {rF+ Regen+} for 704 gold pieces
 14559 | D:9      | Found a bloodstained altar of Trog.
 14561 | D:9      | Found a stormy altar of Qazlal.
 14562 | D:9      | Found a radiant altar of Vehumet.
 14760 | D:9      | 14760 ||| READING scroll of enchant armour.
 14760 | D:9      | 14760 ||| ENCHANTING +1 helmet.
 14858 | D:9      | 14858 ||| Stepping ~*~*~tactically~*~*~ (hiding).
 15051 | D:9      | 15051 ||| DRINKING 10 potions of curing.
 15051 | D:9      | 15051 ||| (to cure confusion)
 15141 | D:9      | 15141 ||| READING 5 scrolls of identify.
 15141 | D:9      | 15141 ||| IDENTIFYING fuming blue potion
 15142 | D:9      | 15142 ||| DROPPING potion of brilliance.
 15201 | D:10     | Entered Level 10 of the Dungeon
 15430 | D:10     | 15430 ||| DROPPING +0 flail.
 15443 | D:10     | 15443 ||| READING scroll of enchant armour.
 15443 | D:10     | 15443 ||| ENCHANTING +0 pair of boots.
 15499 | D:10     | 15499 ||| Stepping ~*~*~tactically~*~*~ (stealth).
 15501 | D:10     | 15501 ||| Stepping ~*~*~tactically~*~*~ (hiding).
 15608 | D:10     | 15608 ||| DROPPING +2 vampiric whip.
 15728 | D:10     | Reached skill level 15 in Axes
 15853 | D:10     | 15853 ||| READING 4 scrolls of identify.
 15853 | D:10     | 15853 ||| IDENTIFYING purple potion
 15959 | D:11     | Noticed Lodul
 15959 | D:11     | Noticed Snorg
 15960 | D:11     | 15960 ||| INVOKING Heroism.
 15961 | D:11     | 15961 ||| INVOKING Finesse.
 15968 | D:11     | Killed Lodul
 15969 | D:11     | Killed Snorg
 16092 | D:11     | 16092 ||| Stepping ~*~*~tactically~*~*~ (stealth).
 16110 | D:11     | 16110 ||| Stepping ~*~*~tactically~*~*~ (hiding).
 16117 | D:11     | Noticed Josephine
 16118 | D:11     | 16118 ||| Stepping ~*~*~tactically~*~*~ (hiding).
 16121 | D:11     | 16121 ||| Stepping ~*~*~tactically~*~*~ (stealth).
 16128 | D:11     | Killed Josephine
 16281 | D:11     | Noticed Sonja
 16282 | D:11     | 16282 ||| Stepping ~*~*~tactically~*~*~ (hiding).
 16286 | D:11     | 16286 ||| INVOKING Finesse.
 16294 | D:11     | Killed Sonja
 16344 | D:11     | Received a gift from Okawaru
 16404 | D:11     | 16404 ||| INVOKING Heroism.
 16775 | D:11     | 16775 ||| PLANNING D
 16835 | D:12     | 16835 ||| Stepping ~*~*~tactically~*~*~ (stealth).
 16837 | D:12     | 16837 ||| Stepping ~*~*~tactically~*~*~ (hiding).
 16974 | D:12     | 16974 ||| FLEEEEING.
 16975 | D:12     | 16975 ||| FLEEEEING.
 16976 | D:12     | 16976 ||| FLEEEEING.
 16977 | D:12     | 16977 ||| FLEEEEING.
 16978 | D:12     | 16978 ||| FLEEEEING.
 16979 | D:12     | 16979 ||| FLEEEEING.
 16993 | D:12     | 16993 ||| FLEEEEING.
 16994 | D:12     | 16994 ||| FLEEEEING.
 16995 | D:12     | 16995 ||| FLEEEEING.
 17005 | D:12     | Identified the +1 ring mail of Duty {Dex+4} (Okawaru gifted
                  | it to you on level 12 of the Dungeon)
 17005 | D:12     | Received a gift from Okawaru
 17041 | D:12     | 17041 ||| INVOKING Heroism.
 17042 | D:12     | 17042 ||| INVOKING Finesse.
 17061 | D:12     | Reached skill level 12 in Fighting
 17508 | D:12     | 17508 ||| Stepping ~*~*~tactically~*~*~ (hiding).
 17567 | D:12     | 17567 ||| READING scroll of enchant weapon.
 17567 | D:12     | 17567 ||| ENCHANTING +2 spectral war axe.
 17596 | D:12     | 17596 ||| INVOKING Heroism.
 17629 | D:12     | 17629 ||| INVOKING Heroism.
 17634 | D:12     | HP: 23/92 [skeletal warrior/+0 long sword (8)]
 17635 | D:12     | 17635 ||| READING 9 scrolls of teleportation.
 17636 | D:12     | 17636 ||| DRINKING 2 potions of heal wounds.
 17704 | D:12     | 17704 ||| FLEEEEING.
 17705 | D:12     | 17705 ||| FLEEEEING.
 17706 | D:12     | 17706 ||| FLEEEEING.
 17707 | D:12     | 17707 ||| FLEEEEING.
 17708 | D:12     | 17708 ||| FLEEEEING.
 17709 | D:12     | 17709 ||| FLEEEEING.
 17710 | D:12     | 17710 ||| FLEEEEING.
 17711 | D:12     | 17711 ||| FLEEEEING.
 17716 | D:12     | 17716 ||| FLEEEEING.
 17717 | D:12     | 17717 ||| FLEEEEING.
 17718 | D:12     | 17718 ||| FLEEEEING.
 17719 | D:12     | 17719 ||| FLEEEEING.
 17720 | D:12     | 17720 ||| FLEEEEING.
 17733 | D:12     | 17733 ||| FLEEEEING.
 17734 | D:12     | 17734 ||| FLEEEEING.
 17735 | D:12     | 17735 ||| FLEEEEING.
 17736 | D:12     | 17736 ||| FLEEEEING.
 17737 | D:12     | 17737 ||| FLEEEEING.
 17738 | D:12     | 17738 ||| FLEEEEING.
 17739 | D:12     | 17739 ||| STAIRDANCE
 17842 | D:12     | 17842 ||| INVOKING Heroism.
 17969 | D:12     | Noticed Maurice
 17978 | D:12     | Killed Maurice
 17984 | D:12     | 17984 ||| READING scroll of enchant weapon.
 17984 | D:12     | 17984 ||| ENCHANTING +3 spectral war axe.
 18000 | D:12     | Identified the +4 long sword of the Revolution {drain,
                  | *Rage rC+ rCorr Stlth+}
 18014 | D:12     | 18014 ||| READING scroll of enchant armour.
 18014 | D:12     | 18014 ||| ENCHANTING +1 pair of boots.
 18071 | D:12     | 18071 ||| Stepping ~*~*~tactically~*~*~ (stealth).
 18072 | D:12     | 18072 ||| Stepping ~*~*~tactically~*~*~ (stealth).
 18074 | D:12     | 18074 ||| INVOKING Heroism.
 18296 | D:13     | 18296 ||| INVOKING Heroism.
 18438 | D:13     | Found a gate to the Vaults.
 18501 | D:13     | 18501 ||| FLEEEEING.
 18502 | D:13     | 18502 ||| FLEEEEING.
 18503 | D:13     | 18503 ||| FLEEEEING.
 18504 | D:13     | 18504 ||| FLEEEEING.
 18505 | D:13     | 18505 ||| FLEEEEING.
 18629 | D:13     | Reached XP level 15. HP: 96/96 MP: 22/22
 18654 | D:13     | 18654 ||| Stepping ~*~*~tactically~*~*~ (hiding).
 18807 | D:13     | Found a portal to a secret trove of treasure.
 18843 | D:13     | 18843 ||| INVOKING Heroism.
 18844 | D:13     | 18844 ||| READING 8 scrolls of teleportation.
 18848 | D:13     | Reached skill level 8 in Shields
 19155 | D:13     | 19155 ||| UPGRADING to +5 ring of evasion.
 19157 | D:13     | 19157 ||| DROPPING +4 ring of slaying {mikee}.
 19158 | D:13     | 19158 ||| READING 3 scrolls labelled RUMMEL KESHRIC.
 19159 | D:13     | 19159 ||| DROPPING 2 scrolls of fear.
 19214 | D:14     | 19214 ||| Stepping ~*~*~tactically~*~*~ (stealth).
 19224 | D:14     | Received a gift from Okawaru
 19352 | D:14     | 19352 ||| Stepping ~*~*~tactically~*~*~ (stealth).
 19405 | D:14     | 19405 ||| Stepping ~*~*~tactically~*~*~ (stealth).
 19535 | D:14     | 19535 ||| INVOKING Heroism.
 19543 | D:14     | Noticed Jorgrun
 19545 | D:14     | Reached skill level 12 in Armour
 19545 | D:14     | 19545 ||| INVOKING Finesse.
 19561 | D:14     | Killed Jorgrun
 19567 | D:14     | Identified the +0 plate armour of Springtime {rN+ Will+
                  | Regen+} (Okawaru gifted it to you on level 14 of the
                  | Dungeon)
 19567 | D:14     | Received a gift from Okawaru
 19574 | D:14     | 19574 ||| FLEEEEING.
 19576 | D:14     | 19576 ||| FLEEEEING.
 19577 | D:14     | 19577 ||| FLEEEEING.
 19578 | D:14     | 19578 ||| FLEEEEING.
 19581 | D:14     | 19581 ||| FLEEEEING.
 19583 | D:14     | 19583 ||| Stepping ~*~*~tactically~*~*~ (hiding).
 19591 | D:14     | 19591 ||| INVOKING Heroism.
 19613 | D:14     | 19613 ||| Stepping ~*~*~tactically~*~*~ (stealth).
 19742 | D:14     | 19742 ||| READING scroll of enchant weapon.
 19742 | D:14     | 19742 ||| ENCHANTING +4 spectral war axe.
 20105 | D:14     | 20105 ||| INVOKING Heroism.
 20134 | D:14     | 20134 ||| Stepping ~*~*~tactically~*~*~ (stealth).
 20135 | D:14     | 20135 ||| Stepping ~*~*~tactically~*~*~ (stealth).
 20136 | D:14     | 20136 ||| Stepping ~*~*~tactically~*~*~ (stealth).
 20138 | D:14     | 20138 ||| Stepping ~*~*~tactically~*~*~ (hiding).
 20526 | D:14     | 20526 ||| UPGRADING to +0 plate armour of Springtime {rN+
                  | Will+ Regen+}.
 20536 | D:14     | 20536 ||| DROPPING +0 plate armour.
 20537 | D:14     | 20537 ||| DROPPING ring of magical power.
 20538 | D:14     | 20538 ||| READING 2 scrolls labelled AZUTUW PINAEP.
 20554 | D:14     | 20554 ||| DROPPING scroll of torment.
 20624 | D:15     | Entered Level 15 of the Dungeon
 20702 | D:15     | 20702 ||| FLEEEEING.
 20720 | D:15     | 20720 ||| READING scroll of enchant armour.
 20720 | D:15     | 20720 ||| ENCHANTING +1 cloak.
 20723 | D:15     | 20723 ||| INVOKING Heroism.
 21091 | D:15     | 21091 ||| Stepping ~*~*~tactically~*~*~ (hiding).
 21241 | D:15     | 21241 ||| READING 7 scrolls of teleportation.
 21242 | D:15     | 21242 ||| INVOKING Heroism.
 21245 | D:15     | Reached skill level 9 in Shields
 21420 | D:15     | 21420 ||| INVOKING Heroism.
 21583 | D:15     | 21583 ||| Stepping ~*~*~tactically~*~*~ (hiding).
 21623 | D:15     | Found a staircase to the Depths.
 21631 | D:15     | 21631 ||| PLANNING ORC
 21824 | Orc:1    | Entered Level 1 of the Orcish Mines
 21895 | Orc:1    | Found a runed translucent door.
 21902 | Orc:1    | Noticed Xelitey Juot's ghost (novice MiFi)
 21980 | Orc:2    | Entered Level 2 of the Orcish Mines
 22015 | Orc:1    | 22015 ||| INVOKING Heroism.
 22016 | Orc:1    | 22016 ||| INVOKING Finesse.
 22210 | Orc:2    | 22210 ||| Stepping ~*~*~tactically~*~*~ (hiding).
 22213 | Orc:2    | 22213 ||| Stepping ~*~*~tactically~*~*~ (stealth).
 22221 | Orc:2    | Found Elaph's Antique Armour Boutique.
 22233 | Orc:2    | 22233 ||| INVOKING Heroism.
 22245 | Orc:2    | Identified the +1 pair of boots "Nunwe" {rN++ Str-3 Stlth+}
                  | (Okawaru gifted it to you on level 2 of the Orcish Mines)
 22245 | Orc:2    | Received a gift from Okawaru
 22252 | Orc:2    | Reached XP level 16. HP: 55/106 MP: 23/23
 22253 | Orc:2    | 22253 ||| INVOKING Heroism.
 22258 | Orc:2    | 22258 ||| FLEEEEING.
 22259 | Orc:2    | 22259 ||| FLEEEEING.
 22260 | Orc:2    | 22260 ||| FLEEEEING.
 22261 | Orc:2    | 22261 ||| FLEEEEING.
 22262 | Orc:2    | 22262 ||| FLEEEEING.
 22263 | Orc:2    | 22263 ||| FLEEEEING.
 22275 | Orc:2    | HP: 21/107 [something (10)]
 22276 | Orc:2    | 22276 ||| READING 6 scrolls of teleportation.
 22277 | Orc:2    | 22277 ||| DRINKING 2 potions of heal wounds.
 22290 | Orc:2    | Paralysed by something for 4 turns
 22303 | Orc:2    | 22303 ||| INVOKING Heroism.
 22368 | Orc:2    | Found Anoyrisogo's General Store.
 22376 | Orc:2    | Found Xoxkitwa's Antique Weapon Shoppe.
 22378 | Orc:2    | 22378 ||| BUYING potion of might (44 gold).
 22378 | Orc:2    | Bought a potion of might for 44 gold pieces
 22385 | Orc:2    | 22385 ||| BUYING pair of brightly glowing boots (266 gold).
 22385 | Orc:2    | Bought a pair of brightly glowing boots for 266 gold pieces
 22385 | Orc:2    | Identified the +0 pair of boots of the Serpent {Harm Dex+3}
                  | (You bought it in a shop on level 2 of the Orcish Mines)
 22385 | Orc:2    | 22385 ||| BUYING pair of gloves (126 gold).
 22385 | Orc:2    | Bought a pair of gloves for 126 gold pieces
 22387 | Orc:2    | Found Sisch's Jewellery Shop.
 22396 | Orc:2    | 22396 ||| BUYING ring of fire (350 gold).
 22396 | Orc:2    | Bought a ring of fire for 350 gold pieces
 22396 | Orc:2    | 22396 ||| BUYING ring of protection from fire (350 gold).
 22396 | Orc:2    | Bought a ring of protection from fire for 350 gold pieces
 22399 | Orc:2    | 22399 ||| Stepping ~*~*~tactically~*~*~ (stealth).
 22401 | Orc:2    | 22401 ||| INVOKING Heroism.
 22404 | Orc:2    | 22404 ||| Stepping ~*~*~tactically~*~*~ (hiding).
 22449 | Orc:2    | Found a transporter.
 22454 | Orc:2    | Found a transporter.
 22454 | Orc:2    | Noticed qw's ghost (adept GrFi)
 22468 | Orc:2    | 22468 ||| Stepping ~*~*~tactically~*~*~ (hiding).
 22469 | Orc:2    | 22469 ||| Stepping ~*~*~tactically~*~*~ (hiding).
 22470 | Orc:2    | 22470 ||| Stepping ~*~*~tactically~*~*~ (hiding).
 22631 | Orc:2    | 22631 ||| DROPPING +1 pair of boots "Nunwe" {rN++ Str-3
                  | Stlth+}.
 22632 | Orc:2    | 22632 ||| DROPPING +0 pair of boots of the Serpent {Harm
                  | Dex+3}.
 22633 | Orc:2    | 22633 ||| UPGRADING to +0 pair of gloves.
 22638 | Orc:2    | 22638 ||| DROPPING ring of fire.
 22700 | Orc:1    | 22700 ||| Stepping ~*~*~tactically~*~*~ (hiding).
 22862 | Orc:2    | 22862 ||| Stepping ~*~*~tactically~*~*~ (hiding).
 22898 | Orc:2    | 22898 ||| INVOKING Heroism.
 22921 | Orc:2    | 22921 ||| Stepping ~*~*~tactically~*~*~ (stealth).
 22923 | Orc:2    | 22923 ||| Stepping ~*~*~tactically~*~*~ (hiding).
 22924 | Orc:2    | 22924 ||| Stepping ~*~*~tactically~*~*~ (hiding).
 22926 | Orc:2    | 22926 ||| Stepping ~*~*~tactically~*~*~ (hiding).
 22989 | Orc:2    | Found a staircase to the Elven Halls.
 23190 | Orc:2    | 23190 ||| PLANNING SNAKE:1-3
 23371 | Snake:1  | Entered Level 1 of the Snake Pit
 23381 | Snake:1  | 23381 ||| STAIRDANCE
 23386 | Snake:1  | 23386 ||| STAIRDANCE
 23465 | Lair:3   | Identified the +2 flail "Hyoneshri" {venom, Int+5}
 23467 | Lair:3   | 23467 ||| DROPPING +2 flail "Hyoneshri" {venom, Int+5}.
 23471 | Lair:3   | Identified the ring "Faux" {Wiz Fly rPois}
 23478 | Lair:3   | 23478 ||| DROPPING ring "Faux" {Wiz Fly rPois}.
 23559 | Snake:1  | 23559 ||| DROPPING +0 morningstar.
 23588 | Snake:1  | 23588 ||| Stepping ~*~*~tactically~*~*~ (hiding).
 23589 | Snake:1  | 23589 ||| Stepping ~*~*~tactically~*~*~ (hiding).
 23622 | Snake:1  | 23622 ||| Stepping ~*~*~tactically~*~*~ (hiding).
 23633 | Snake:1  | 23633 ||| Stepping ~*~*~tactically~*~*~ (stealth).
 23637 | Snake:1  | 23637 ||| Stepping ~*~*~tactically~*~*~ (hiding).
 23643 | Snake:1  | 23643 ||| INVOKING Heroism.
 23709 | Snake:1  | Received a gift from Okawaru
 23814 | Snake:1  | 23814 ||| INVOKING Heroism.
 23925 | Snake:1  | Reached skill level 15 in Fighting
 24090 | Snake:1  | 24090 ||| INVOKING Heroism.
 24236 | Snake:1  | 24236 ||| Stepping ~*~*~tactically~*~*~ (stealth).
 24238 | Snake:1  | 24238 ||| Stepping ~*~*~tactically~*~*~ (hiding).
 24246 | Snake:1  | Received a gift from Okawaru
 24346 | Snake:1  | 24346 ||| DROPPING orb of energy.
 24405 | Snake:2  | 24405 ||| INVOKING Heroism.
 24412 | Snake:2  | Received a gift from Okawaru
 24434 | Snake:2  | Reached skill level 15 in Armour
 24468 | Snake:2  | 24468 ||| Stepping ~*~*~tactically~*~*~ (hiding).
 24481 | Snake:2  | 24481 ||| INVOKING Heroism.
 24685 | Snake:2  | Noticed Kirke
 24686 | Snake:2  | 24686 ||| INVOKING Heroism.
 24697 | Snake:2  | Killed Kirke
 24697 | Snake:2  | Received a gift from Okawaru
 24729 | Snake:2  | Identified the +5 ring mail of the Slorg {Str+2 Dex+2}
 24786 | Snake:2  | 24786 ||| Stepping ~*~*~tactically~*~*~ (hiding).
 24798 | Snake:2  | 24798 ||| Stepping ~*~*~tactically~*~*~ (hiding).
 24800 | Snake:2  | 24800 ||| INVOKING Heroism.
 24822 | Snake:2  | 24822 ||| Stepping ~*~*~tactically~*~*~ (stealth).
 24823 | Snake:2  | 24823 ||| Stepping ~*~*~tactically~*~*~ (stealth).
 24890 | Snake:2  | 24890 ||| Stepping ~*~*~tactically~*~*~ (hiding).
 24891 | Snake:2  | 24891 ||| Stepping ~*~*~tactically~*~*~ (hiding).
 24898 | Snake:2  | Received a gift from Okawaru
 24901 | Snake:2  | 24901 ||| Stepping ~*~*~tactically~*~*~ (stealth).
 24902 | Snake:2  | 24902 ||| Stepping ~*~*~tactically~*~*~ (stealth).
 24903 | Snake:2  | 24903 ||| Stepping ~*~*~tactically~*~*~ (stealth).
 25028 | Snake:2  | Reached skill level 9 in Throwing
 25099 | Snake:2  | Reached skill level 10 in Shields
 25499 | Snake:2  | 25499 ||| UPGRADING to +1 kite shield of fire resistance.
 25509 | Snake:2  | 25509 ||| DROPPING +0 buckler.
 25591 | Snake:3  | 25591 ||| Stepping ~*~*~tactically~*~*~ (hiding).
 25660 | Snake:3  | Received a gift from Okawaru
 25661 | Snake:3  | 25661 ||| Stepping ~*~*~tactically~*~*~ (hiding).
 25670 | Snake:3  | Reached XP level 17. HP: 86/113 MP: 24/24
 25671 | Snake:3  | 25671 ||| Stepping ~*~*~tactically~*~*~ (hiding).
 25677 | Snake:3  | 25677 ||| Stepping ~*~*~tactically~*~*~ (hiding).
 25678 | Snake:3  | 25678 ||| Stepping ~*~*~tactically~*~*~ (hiding).
 25695 | Snake:3  | Reached skill level 11 in Shields
 25714 | Snake:3  | 25714 ||| INVOKING Heroism.
 25717 | Snake:3  | Noticed Vashnia
 25744 | Snake:3  | Killed Vashnia
 25826 | Snake:3  | Reached skill level 12 in Shields
 25857 | Snake:3  | 25857 ||| Stepping ~*~*~tactically~*~*~ (hiding).
 25860 | Snake:3  | 25860 ||| Stepping ~*~*~tactically~*~*~ (hiding).
 25862 | Snake:3  | 25862 ||| Stepping ~*~*~tactically~*~*~ (hiding).
 25868 | Snake:3  | 25868 ||| Stepping ~*~*~tactically~*~*~ (hiding).
 25878 | Snake:3  | 25878 ||| Stepping ~*~*~tactically~*~*~ (hiding).
 25879 | Snake:3  | 25879 ||| Stepping ~*~*~tactically~*~*~ (hiding).
 25891 | Snake:3  | 25891 ||| Stepping ~*~*~tactically~*~*~ (hiding).
 25892 | Snake:3  | 25892 ||| Stepping ~*~*~tactically~*~*~ (hiding).
 25904 | Snake:3  | 25904 ||| Stepping ~*~*~tactically~*~*~ (hiding).
 25912 | Snake:3  | Received a gift from Okawaru
 25914 | Snake:3  | Reached ****** piety under Okawaru
 25917 | Snake:3  | 25917 ||| Stepping ~*~*~tactically~*~*~ (stealth).
 25918 | Snake:3  | 25918 ||| Stepping ~*~*~tactically~*~*~ (stealth).
 26150 | Snake:3  | Found a stormy altar of Qazlal.
 26202 | Snake:3  | 26202 ||| PLANNING SHOALS:1-3
 26327 | Shoals:1 | Entered Level 1 of the Shoals
 26340 | Shoals:1 | 26340 ||| Stepping ~*~*~tactically~*~*~ (hiding).
 26343 | Shoals:1 | 26343 ||| INVOKING Heroism.
 26344 | Shoals:1 | 26344 ||| INVOKING Finesse.
 26391 | Shoals:1 | 26391 ||| Stepping ~*~*~tactically~*~*~ (hiding).
 26394 | Shoals:1 | Noticed a titan
 26400 | Shoals:1 | 26400 ||| Stepping ~*~*~tactically~*~*~ (hiding).
 26401 | Shoals:1 | 26401 ||| Stepping ~*~*~tactically~*~*~ (hiding).
 26425 | Shoals:1 | 26425 ||| INVOKING Heroism.
 26432 | Shoals:1 | Killed a titan
 26432 | Shoals:1 | Received a gift from Okawaru
 26433 | Shoals:1 | Reached skill level 13 in Shields
 26494 | Shoals:1 | 26494 ||| Stepping ~*~*~tactically~*~*~ (hiding).
 26495 | Shoals:1 | 26495 ||| Stepping ~*~*~tactically~*~*~ (hiding).
 26499 | Shoals:1 | 26499 ||| Stepping ~*~*~tactically~*~*~ (hiding).
 26500 | Shoals:1 | 26500 ||| Stepping ~*~*~tactically~*~*~ (hiding).
 26749 | Shoals:1 | Noticed Louise
 26760 | Shoals:1 | Killed Louise
 26830 | Shoals:1 | 26830 ||| Stepping ~*~*~tactically~*~*~ (stealth).
 26899 | Shoals:1 | 26899 ||| Stepping ~*~*~tactically~*~*~ (hiding).
 26911 | Shoals:1 | 26911 ||| FLEEEEING.
 26912 | Shoals:1 | 26912 ||| FLEEEEING.
 26923 | Shoals:1 | 26923 ||| Stepping ~*~*~tactically~*~*~ (hiding).
 26948 | Shoals:1 | 26948 ||| Stepping ~*~*~tactically~*~*~ (hiding).
 26950 | Shoals:1 | 26950 ||| Stepping ~*~*~tactically~*~*~ (hiding).
 26951 | Shoals:1 | 26951 ||| Stepping ~*~*~tactically~*~*~ (hiding).
 26970 | Shoals:1 | 26970 ||| Stepping ~*~*~tactically~*~*~ (hiding).
 26976 | Shoals:1 | 26976 ||| INVOKING Heroism.
 27014 | Shoals:1 | 27014 ||| Stepping ~*~*~tactically~*~*~ (hiding).
 27366 | Shoals:1 | 27366 ||| DROPPING +2 cloak.
 27367 | Shoals:1 | 27367 ||| UPGRADING to +0 tower shield.
 27377 | Shoals:1 | 27377 ||| DROPPING +1 kite shield of fire resistance.
 27419 | Shoals:2 | 27419 ||| Stepping ~*~*~tactically~*~*~ (hiding).
 27420 | Shoals:2 | 27420 ||| Stepping ~*~*~tactically~*~*~ (hiding).
 27422 | Shoals:2 | 27422 ||| Stepping ~*~*~tactically~*~*~ (hiding).
 27493 | Shoals:2 | Reached skill level 14 in Shields
 27499 | Shoals:2 | 27499 ||| Stepping ~*~*~tactically~*~*~ (hiding).
 27502 | Shoals:2 | 27502 ||| Stepping ~*~*~tactically~*~*~ (hiding).
 27503 | Shoals:2 | 27503 ||| Stepping ~*~*~tactically~*~*~ (hiding).
 27541 | Shoals:2 | 27541 ||| INVOKING Heroism.
 27550 | Shoals:2 | Received a gift from Okawaru
 27593 | Shoals:2 | 27593 ||| Stepping ~*~*~tactically~*~*~ (hiding).
 27595 | Shoals:2 | 27595 ||| Stepping ~*~*~tactically~*~*~ (hiding).
 27596 | Shoals:2 | 27596 ||| Stepping ~*~*~tactically~*~*~ (hiding).
 27763 | Shoals:2 | Noticed Polyphemus
 27764 | Shoals:2 | 27764 ||| INVOKING Heroism.
 27765 | Shoals:2 | 27765 ||| INVOKING Finesse.
 27772 | Shoals:2 | Killed Polyphemus
 27851 | Shoals:2 | 27851 ||| INVOKING Heroism.
 27940 | Shoals:2 | 27940 ||| Stepping ~*~*~tactically~*~*~ (hiding).
 28334 | Shoals:3 | 28334 ||| Stepping ~*~*~tactically~*~*~ (hiding).
 28335 | Shoals:3 | 28335 ||| Stepping ~*~*~tactically~*~*~ (hiding).
 28336 | Shoals:3 | 28336 ||| Stepping ~*~*~tactically~*~*~ (hiding).
 28337 | Shoals:3 | 28337 ||| Stepping ~*~*~tactically~*~*~ (hiding).
 28338 | Shoals:3 | 28338 ||| INVOKING Heroism.
 28339 | Shoals:3 | 28339 ||| INVOKING Finesse.
 28340 | Shoals:3 | 28340 ||| INVOKING Finesse.
 28355 | Shoals:3 | Reached skill level 15 in Shields
 28358 | Shoals:3 | Received a gift from Okawaru
 28420 | Shoals:3 | Noticed Donald
 28421 | Shoals:3 | 28421 ||| INVOKING Heroism.
 28422 | Shoals:3 | 28422 ||| INVOKING Finesse.
 28431 | Shoals:3 | Killed Donald
 28593 | Shoals:3 | Noticed a kraken
 28603 | Shoals:3 | 28603 ||| INVOKING Heroism.
 28604 | Shoals:3 | Killed a kraken
 28699 | Shoals:3 | 28699 ||| INVOKING Heroism.
 28700 | Shoals:3 | 28700 ||| INVOKING Finesse.
 28710 | Shoals:3 | Received a gift from Okawaru
 28782 | Shoals:3 | 28782 ||| INVOKING Heroism.
 28783 | Shoals:3 | 28783 ||| INVOKING Finesse.
 29136 | Shoals:3 | Noticed a kraken
 29144 | Shoals:3 | Killed a kraken
 29145 | Shoals:3 | Reached skill level 16 in Shields
 29303 | Shoals:3 | 29303 ||| PLANNING SNAKE:4
 29452 | Snake:4  | Entered Level 4 of the Snake Pit
 29463 | Snake:4  | Reached XP level 18. HP: 114/119 MP: 25/25
 29482 | Snake:4  | Received a gift from Okawaru
 29506 | Snake:4  | 29506 ||| DROPPING +1 hand axe of flaming.
 29618 | Snake:4  | Found a runed translucent gate.
 29618 | Snake:4  | Found a runed translucent gate.
 29618 | Snake:4  | Found a runed translucent gate.
 29619 | Snake:4  | Noticed Kicir's ghost (adept GnFi)
 29696 | Snake:4  | 29696 ||| Stepping ~*~*~tactically~*~*~ (hiding).
 29704 | Snake:4  | 29704 ||| INVOKING Heroism.
 29743 | Snake:4  | Received a gift from Okawaru
 29744 | Snake:4  | 29744 ||| Stepping ~*~*~tactically~*~*~ (hiding).
 29755 | Snake:4  | Reached skill level 17 in Shields
 29759 | Snake:4  | 29759 ||| INVOKING Heroism.
 29789 | Snake:4  | 29789 ||| INVOKING Heroism.
 29825 | Snake:4  | HP: 28/119 [naga/+0 glaive (17)]
 29826 | Snake:4  | 29826 ||| READING 11 scrolls of teleportation.
 29827 | Snake:4  | 29827 ||| DRINKING 4 potions of heal wounds.
 29830 | Snake:4  | HP: 14/119 [nagaraja/+3 spear (27)]
 29830 | Snake:4  | Killed from afar by a nagaraja

Levels and vault maps discovered:
D:1:      dpeg_arrival_morbid_curiosity, layout_basic, serial_glass,
          glass_columns_a, glass_columns_a,
          shapermc_ecumenical_altar_notcrosses, serial_shops,
          nicolae_shop_stone, chequers_serial_rivers_marsh
D:2:      layout_loops_corners, minmay_parallelograms, minmay_joined_circles
D:3:      layout_basic, nicolae_wu_jian_wuxing_cycle, serial_glass,
          glass_columns_c, glass_columns_b, goddamned_bats
D:4:      layout_layer_cave, uniq_blork_the_orc
D:5:      layout_basic, small_statue_intersection
D:6:      layout_basic, elyvilon_altar_3, nicolae_overflow_hidden_temple,
          minmay_temple_entry_offerings
D:7:      layout_loops_corners, nicolae_gozag_zags_fifth_avenue,
          uniq_prince_ribbit1, uniq_joseph, uniq_maggie
D:8:      layout_basic, lair_entry_dummy
D:9:      layout_roguey, minitemple, orc_0_dummy, serial_shops,
          nicolae_shop_tiny_glass, uniq_erica
D:10:     layout_small_grid, solitary_fountain
D:11:     layout_loops_ring, kennysheep_flooded_box, uniq_snorg, uniq_sonja,
          uniq_josephine, uniq_lodul
D:12:     layout_loops_ring, uniq_maurice
D:13:     layout_roguey, david_vaults_1, enter_trove_3
D:14:     minmay_crescents, layout_layer_cave, hex_tiny, uniq_jorgrun
D:15:     gammafunk_enter_depths_forms, layout_loops_cross,
          minmay_misc_feat_secret_circle
Temple:   jpeg_temple_clearing
Lair:1:   gammafunk_indiana_jones, layout_gridlike, kennysheep_abandoned_house
Lair:2:   layout_regular_city, shoals_dummy_entry, serial_bayou_lagoon_a,
          lemuel_fruit_tree, uniq_nergalle
Lair:3:   dragon1_lemuel, layout_hall_layers, guppyfry_snake_entry_island,
          gauntlet_entry_generic, minmay_holes, kilobyte_rumbling_trees,
          infiniplex_staircase_pool
Lair:4:   layout_small_grid, infiniplex_staircase_pool_2, serial_bayou_shore_a
Lair:5:   grunt_lair_end_beastmaster, layout_cave_pods,
          dpeg_slime_entry_enclosed, grunt_megastairs_4
Shoals:1: cheibrodos_shoals_gigantism, layout_shoals,
          nicolae_shoals_wave_tunnel, uniq_louise
Shoals:2: layout_shoals, uniq_polyphemus
Shoals:3: layout_shoals, overgrown_tower, nicolae_shoals_water_booths,
          uniq_donald
Snake:1:  layout_grid_maze, grunt_ministairs_2,
          nicolae_snake_guarding_the_ruins, serial_bayou_shore_b
Snake:2:  layout_chambers, uniq_kirke
Snake:3:  layout_concentric_octagons, basic_altar, uniq_vashnia
Snake:4:  minmay_snake_end_coiled, layout_basic, gammafunk_ghost_necromancy,
          nicolae_snake_lava_pool
Orc:1:    layout_caves, ebering_ghost_reflecting_pool, basic_altar
Orc:2:    st_orc_open, layout_caves, gammafunk_ghost_arena

Skill      XL: |  1  2  3  4  5  6  7  8  9 10 11 12 13 14 15 16 17 18 |
---------------+-------------------------------------------------------+-----
Axes           | 2 3 4 5 6 7 8 9 10 12 14 16 | 16.0
Fighting       | 4 5 7 8 9 10 11 12 14 15 | 15.0
Armour         | 4 6 7 8 9 10 11 13 15 | 15.0
Dodging        | 3 |  3.6
Throwing       | 1 2 5 6 7 9 |  9.0
Shields        | 4 5 6 7 9 10 16 17 | 17.5
Invocations    | 1 4 6 10 | 10.0

Action                     |  1- 3 |  4- 6 |  7- 9 | 10-12 | 13-15 | 16-18 || total
---------------------------+-------+-------+-------+-------+-------+-------++-------
  Melee: War axe           |    98 |   223 |   151 |   318 |   725 |   790 ||  2305
         Flail             |       |       |       |     4 |    11 |       ||    15
  Throw: Boomerang         |       |    29 |    40 |    64 |    35 |     5 ||   173
         Javelin           |       |       |       |    38 |   191 |    96 ||   325
 Invoke: Heroism           |       |       |     1 |    26 |    29 |    26 ||    82
         Finesse           |       |       |       |       |     8 |     6 ||    14
    Use: Scroll            |     3 |     5 |     9 |     4 |    17 |     2 ||    40
         Potion            |     2 |       |     3 |     2 |     2 |     2 ||    11
   Stab: Distracted        |       |     1 |       |     1 |    11 |    14 ||    27
         Invisible         |       |       |       |     2 |       |       ||     2
 Armour: Scale mail        |    46 |    33 |       |       |       |       ||    79
         Plate armour      |       |   160 |    89 |   149 |   290 |   297 ||   985
  Dodge: Dodged            |    50 |    93 |    37 |    72 |   140 |   251 ||   643
  Block: Buckler           |    14 |    52 |    25 |    51 |   138 |    47 ||   327
         Reflection        |       |       |       |       |     1 |       ||     1
         Kite shield       |       |       |       |       |       |   100 ||   100
         Tower shield      |       |       |       |       |       |   259 ||   259

Table legend:
 A = Non-vault XP
 B = Vault XP
 C = Vault XP percentage of total XP
 D = Non-vault monster count
 E = Vault monster count
 F = Vault count percentage of total count
                 A         B        C        D         E       F
            +---------+---------+-------+---------+---------+-------
      Total |  166483 |  100003 |  37.5 |     647 |     254 |  28.2
            +---------+---------+-------+---------+---------+-------
        D:1 |      32 |       9 |  22.0 |      18 |       5 |  21.7
        D:2 |      55 |      50 |  47.6 |      20 |      14 |  41.2
        D:3 |     149 |     173 |  53.7 |      17 |      19 |  52.8
        D:4 |     145 |      90 |  38.3 |      13 |       1 |   7.1
        D:5 |     483 |       0 |   0.0 |      13 |       0 |   0.0
        D:6 |    1090 |       0 |   0.0 |      26 |       0 |   0.0
        D:7 |    1094 |    1223 |  52.8 |      13 |       3 |  18.8
        D:8 |    2116 |       0 |   0.0 |      30 |       0 |   0.0
        D:9 |    3095 |     836 |  21.3 |      39 |       1 |   2.5
       D:10 |    2091 |       0 |   0.0 |      28 |       0 |   0.0
       D:11 |    3587 |    5058 |  58.5 |      21 |      15 |  41.7
       D:12 |   10657 |     503 |   4.5 |      24 |       1 |   4.0
       D:13 |    6129 |    1322 |  17.7 |      13 |       3 |  18.8
       D:14 |    5620 |    7862 |  58.3 |      13 |      10 |  43.5
       D:15 |    9822 |    6014 |  38.0 |      21 |      10 |  32.3
     Lair:1 |    5228 |     391 |   7.0 |      26 |      11 |  29.7
     Lair:2 |    5851 |     765 |  11.6 |      24 |       1 |   4.0
     Lair:3 |    2656 |    2275 |  46.1 |      10 |      10 |  50.0
     Lair:4 |    7810 |       0 |   0.0 |      24 |       0 |   0.0
     Lair:5 |   11734 |    8736 |  42.7 |      36 |      26 |  41.9
   Shoals:1 |    7857 |    7238 |  47.9 |      19 |      10 |  34.5
   Shoals:2 |    7643 |    5475 |  41.7 |      15 |       6 |  28.6
   Shoals:3 |   11787 |    3408 |  22.4 |      17 |       4 |  19.0
    Snake:1 |   17165 |    5472 |  24.2 |      32 |      12 |  27.3
    Snake:2 |   13137 |    2475 |  15.9 |      24 |       7 |  22.6
    Snake:3 |   15560 |    5692 |  26.8 |      36 |       5 |  12.2
    Snake:4 |    7274 |   16473 |  69.4 |      18 |      32 |  64.0
      Orc:1 |    1918 |       0 |   0.0 |      21 |       0 |   0.0
      Orc:2 |    3806 |   14751 |  79.5 |      33 |      37 |  52.9
   Gauntlet |     892 |    3712 |  80.6 |       3 |      11 |  78.6
            +---------+---------+-------+---------+---------+-------
